[ AOE2 MATCH · #476567560 ]
Team RMMaya vs Goths
[ REPLAY ANALYSIS · EXTRACTED FROM THE RECORDED GAME ]
Feudal
—
Castle
—
Imperial
—
| APM avg | 48.0 |
| APM peak | 69 |
| eAPM avg | 17.3 |
| Villagers / military | 34 / 15 |
Focus
⚔️ 22.0% · 🌾 78.0%
Archer ×13 · Spearman ×2
Feudal
10:21
Castle
14:12
Imperial
—
| APM avg | 43.8 |
| APM peak | 132 |
| eAPM avg | 18.5 |
| Villagers / military | 31 / 0 |
Focus
⚔️ 12.1% · 🌾 87.9%
Feudal
11:15
Castle
—
Imperial
—
| APM avg | 16.0 |
| APM peak | 40 |
| eAPM avg | 8.1 |
| Villagers / military | 33 / 4 |
Focus
⚔️ 13.9% · 🌾 86.1%
Militia ×2 · Spearman ×2
Feudal
13:09
Castle
—
Imperial
—
| APM avg | 19.7 |
| APM peak | 48 |
| eAPM avg | 11.3 |
| Villagers / military | 35 / 8 |
Focus
⚔️ 16.3% · 🌾 83.7%
Militia ×6 · Archer ×2
Match map
Resources at game start + every placement click. Thick line = wall · dashed box = detected house wall. 🟡 gold · ⚪ stone · 🟢 berries · 🔶 boar · ⭕ relic
Inputs per minute
— Akiditya - - abc123
Build order — Akiditya
75 actions detected in the replay
| 0:31 | Build | Town Center |
| 1:36 | Create | Villager (Male) |
| 1:36 | Create | Villager (Male) |
| 1:36 | Create | Villager (Male) |
| 2:20 | Research | Loom |
| 3:05 | Create | Villager (Male) |
| 3:05 | Create | Villager (Male) |
| 3:05 | Create | Villager (Male) |
| 4:34 | Create | Villager (Male) |
| 4:35 | Create | Villager (Male) |
| 4:35 | Create | Villager (Male) |
| 4:35 | Create | Villager (Male) |
| 4:35 | Create | Villager (Male) |
| 5:04 | Build | Mining Camp |
| 5:21 | Create | Villager (Male) |
| 6:10 | Create | Villager (Male) |
| 6:11 | Create | Villager (Male) |
| 6:28 | Create | Villager (Male) |
| 6:28 | Create | Villager (Male) |
| 6:29 | Create | Villager (Male) |
| 6:29 | Create | Villager (Male) |
| 6:29 | Create | Villager (Male) |
| 6:37 | Build | Mill |
| 6:52 | Create | Villager (Male) |
| 7:07 | Create | Villager (Male) |
| 7:15 | Build | Mill |
| 7:29 | Create | Villager (Male) |
| 7:58 | Research | Feudal Age |
| 8:39 | Build | Barracks |
| 8:43 | Build | House |
| 8:44 | Build | House |
| 8:46 | Build | House |
| 8:47 | Build | House |
| 10:07 | Create | Villager (Male) |
| 10:08 | Create | Villager (Male) |
| 10:11 | Create | Villager (Male) |
| 10:17 | Build | Archery Range |
| 10:20 | Build | Blacksmith |
| 10:47 | Create | Archer |
| 10:48 | Create | Archer |
| 10:48 | Create | Archer |
| 10:48 | Create | Archer |
| 11:00 | Create | Villager (Male) |
| 11:21 | Research | Fletching |
| 11:27 | Create | Villager (Male) |
| 11:29 | Research | Town Watch |
| 11:32 | Create | Archer |
| 11:32 | Create | Archer |
| 11:53 | Create | Villager (Male) |
| 12:19 | Build | Archery Range |
| 12:31 | Create | Villager (Male) |
| 12:39 | Research | Horse Collar |
| 13:02 | Create | Villager (Male) |
| 13:28 | Create | Archer ×5 |
| 13:51 | Build | Farm |
| 14:23 | Create | Archer ×2 |
| 15:14 | Create | Spearman |
| 15:14 | Create | Spearman |
| 15:16 | Create | Villager (Male) |
| 15:19 | Build | Farm |
| 15:20 | Build | Farm |
| 15:20 | Build | Farm |
| 15:20 | Build | Farm |
| 15:20 | Build | Farm |
| 15:20 | Build | Farm |
| 15:31 | Build | House |
| 15:31 | Build | House |
| 15:32 | Build | House |
| 15:48 | Build | Farm |
| 15:53 | Build | Farm |
| 16:15 | Create | Villager (Male) |
| 16:20 | Build | Farm |
| 17:07 | Research | Wheelbarrow |
| 17:07 | Create | Villager (Male) |
| 17:08 | Create | Villager (Male) |
Build order — abc123
39 actions detected in the replay
| 0:11 | Build | Town Center |
| 1:13 | Create | Villager (Male) ×4 |
| 1:13 | Create | Villager (Male) ×4 |
| 1:53 | Build | Lumber Camp |
| 1:54 | Create | Villager (Male) |
| 1:54 | Create | Villager (Male) |
| 2:52 | Create | Villager (Male) |
| 2:52 | Create | Villager (Male) |
| 3:07 | Create | Villager (Male) |
| 3:08 | Create | Villager (Male) |
| 3:37 | Build | Mill |
| 3:39 | Create | Villager (Male) |
| 3:39 | Create | Villager (Male) |
| 3:40 | Create | Villager (Male) |
| 4:24 | Create | Villager (Male) |
| 4:37 | Create | Villager (Male) |
| 4:38 | Create | Villager (Male) |
| 5:05 | Build | House |
| 5:09 | Create | Villager (Male) |
| 5:10 | Create | Villager (Male) |
| 5:37 | Create | Villager (Male) |
| 5:37 | Create | Villager (Male) |
| 5:58 | Create | Villager (Male) |
| 5:59 | Create | Villager (Male) |
| 5:59 | Create | Villager (Male) |
| 6:11 | Research | Loom |
| 6:14 | Create | Villager (Male) |
| 6:14 | Create | Villager (Male) |
| 7:32 | Build | Mining Camp |
| 8:11 | Research | Feudal Age |
| 10:04 | Create | Villager (Male) |
| 10:04 | Create | Villager (Male) |
| 10:21 | Age | Feudal Age |
| 10:28 | Build | Market |
| 11:12 | Build | Blacksmith |
| 11:32 | Research | Castle Age |
| 14:12 | Age | Castle Age |
| 14:25 | Build | Castle |
| 15:07 | Build | Palisade Wall |
Build order — Psaja
68 actions detected in the replay
| 0:17 | Build | Town Center |
| 1:33 | Create | Villager (Male) |
| 1:34 | Create | Villager (Male) |
| 1:34 | Create | Villager (Male) |
| 1:35 | Create | Villager (Male) |
| 2:25 | Create | Villager (Male) |
| 2:26 | Create | Villager (Male) |
| 3:00 | Create | Villager (Male) |
| 3:01 | Create | Villager (Male) |
| 3:22 | Build | Mill |
| 3:29 | Create | Villager (Male) |
| 3:29 | Create | Villager (Male) |
| 4:26 | Create | Villager (Male) |
| 4:26 | Create | Villager (Male) |
| 4:27 | Create | Villager (Male) |
| 4:38 | Build | House |
| 4:39 | Build | House |
| 4:52 | Build | Lumber Camp |
| 5:04 | Research | Loom |
| 5:05 | Create | Villager (Male) |
| 5:51 | Create | Villager (Male) |
| 5:51 | Create | Villager (Male) |
| 5:51 | Create | Villager (Male) |
| 5:52 | Create | Villager (Male) |
| 6:01 | Build | House |
| 6:44 | Build | Mill |
| 7:01 | Create | Villager (Male) |
| 7:01 | Create | Villager (Male) |
| 7:01 | Create | Villager (Male) |
| 7:02 | Create | Villager (Male) |
| 7:40 | Create | Villager (Male) |
| 7:40 | Create | Villager (Male) |
| 8:28 | Create | Villager (Male) |
| 8:54 | Research | Feudal Age |
| 9:33 | Build | Barracks |
| 10:41 | Build | House |
| 10:43 | Build | House |
| 11:07 | Create | Villager (Male) |
| 11:07 | Create | Villager (Male) |
| 11:07 | Create | Villager (Male) |
| 11:07 | Create | Villager (Male) |
| 11:08 | Create | Villager (Male) |
| 11:08 | Create | Villager (Male) |
| 11:15 | Age | Feudal Age |
| 11:21 | Research | Double-Bit Axe |
| 11:23 | Research | Horse Collar |
| 11:33 | Research | Wheelbarrow |
| 11:35 | Create | Villager (Male) |
| 11:35 | Create | Villager (Male) |
| 11:51 | Build | Farm |
| 12:03 | Build | Palisade Wall |
| 12:11 | Build | Farm |
| 12:21 | Create | Spearman |
| 12:21 | Create | Spearman |
| 12:34 | Build | Farm |
| 12:56 | Build | Farm |
| 12:59 | Build | Farm |
| 13:22 | Build | Mining Camp |
| 13:52 | Research | Man-at-Arms (upgrade) |
| 14:27 | Build | Watch Tower |
| 14:50 | Build | Stable |
| 15:56 | Build | Farm |
| 16:04 | Build | Farm |
| 16:08 | Build | Farm |
| 16:12 | Build | Farm |
| 16:16 | Research | Gold Mining |
| 16:31 | Create | Militia |
| 16:31 | Create | Militia |
Build order — Salurkazan
61 actions detected in the replay
| 0:49 | Build | Town Center |
| 1:51 | Research | Loom |
| 1:51 | Create | Villager (Male) |
| 1:52 | Create | Villager (Male) |
| 1:52 | Create | Villager (Male) |
| 1:52 | Create | Villager (Male) |
| 1:52 | Create | Villager (Male) |
| 2:46 | Build | Lumber Camp |
| 2:48 | Create | Villager (Male) |
| 2:49 | Create | Villager (Male) |
| 3:26 | Create | Villager (Male) |
| 3:27 | Create | Villager (Male) |
| 3:39 | Create | Villager (Male) |
| 3:40 | Create | Villager (Male) |
| 4:10 | Create | Villager (Male) |
| 4:10 | Create | Villager (Male) |
| 4:47 | Create | Villager (Male) |
| 4:48 | Create | Villager (Male) |
| 5:02 | Create | Villager (Male) |
| 5:02 | Create | Villager (Male) |
| 5:15 | Build | Mill |
| 5:29 | Create | Villager (Male) |
| 5:29 | Create | Villager (Male) |
| 5:47 | Create | Villager (Male) |
| 5:47 | Create | Villager (Male) |
| 6:19 | Build | Barracks |
| 6:31 | Build | Palisade Wall |
| 6:35 | Build | Palisade Gate |
| 6:39 | Create | Villager (Male) |
| 6:39 | Create | Villager (Male) |
| 6:39 | Create | Villager (Male) |
| 6:45 | Build | House |
| 6:50 | Build | House |
| 7:43 | Create | Villager (Male) |
| 7:43 | Create | Villager (Male) |
| 7:44 | Create | Villager (Male) |
| 7:44 | Create | Villager (Male) |
| 8:19 | Create | Villager (Male) |
| 9:07 | Create | Villager (Male) |
| 10:05 | Create | Villager (Male) |
| 10:48 | Build | Mining Camp |
| 10:59 | Research | Feudal Age |
| 11:07 | Create | Militia |
| 11:07 | Create | Militia |
| 11:07 | Create | Militia |
| 11:39 | Build | House |
| 11:44 | Build | House |
| 11:58 | Create | Militia |
| 12:19 | Create | Militia |
| 12:44 | Create | Militia |
| 13:09 | Age | Feudal Age |
| 13:13 | Build | Archery Range |
| 13:16 | Build | Blacksmith |
| 13:24 | Build | Mill |
| 13:26 | Create | Villager (Male) |
| 13:26 | Create | Villager (Male) |
| 13:26 | Create | Villager (Male) |
| 13:26 | Create | Villager (Male) |
| 13:44 | Research | Scale Mail Armor |
| 14:43 | Create | Archer |
| 14:43 | Create | Archer |
Match timeline
| 6:19 | Salurkazan · first_building Barracks |
| 6:31 | Salurkazan · wall_segment Palisade Wall x8 |
| 8:39 | Akiditya · first_building Barracks |
| 9:33 | Psaja · first_building Barracks |
| 10:17 | Akiditya · first_building Archery Range |
| 10:21 | abc123 · age_up feudal |
| 11:15 | Psaja · age_up feudal |
| 12:03 | Psaja · wall_segment Palisade Wall x13 |
| 13:09 | Salurkazan · age_up feudal |
| 13:13 | Salurkazan · first_building Archery Range |
| 14:12 | abc123 · age_up castle |
| 14:25 | abc123 · first_building Castle |
| 14:50 | Psaja · first_building Stable |
| 15:07 | abc123 · wall_segment Palisade Wall x1 |
| 16:36 | abc123 · resign |
[ AI ANALYSIS · 1 CREDIT ]
What really happened in this match?
Wolo.gg analyzes every decision: build order, eco, micro, common mistakes by bracket. Personalized analysis on WhatsApp or Discord in 30 seconds.
Civ guide
Maya
Map guide
Steppe
Perfil
Jugador #2007121